 Dungeon Crawl Stone Soup version 0.29.1-12-g30fa7ad0bf (webtiles) character file.

Game seed: 4260762151708687438

18 DildoBatman the Conjurer (level 2, 0/20 HPs)
             Began as a Formicid Conjurer on Jan 8, 2023.
             Slain by a frilled lizard (1 damage)
             ... on level 1 of the Dungeon.
             The game lasted 00:01:40 (418 turns).

DildoBatman the Conjurer (Formicid Conjurer)         Turns: 418, Time: 00:01:40

Health: 0/20       AC:  2    Str: 11    XL:     2   Next: 85%
Magic:  0/5        EV: 12    Int: 17    God:
Gold:   37         SH:  0    Dex: 12    Spells: 2/5 levels left

rFire   . . .      SeeInvis +   e - +0 whip
rCold   . . .      Faith    .   (no shield)
rNeg    . . .      Spirit   .   a - +0 robe
rPois   .          Reflect  .   (helmet unavailable)
rElec   .          Harm     .   (no cloak)
rCorr   .          Rampage  .   (no gloves)
Will    .....                   (no boots)
Stlth   ++........              (no amulet)
HPRegen 0.06/turn               (no ring)
MPRegen 0.09/turn               (no ring)

@: no status effects
A: permanent stasis, dig shafts and tunnels, antennae 3, four strong arms
a: Dig, Shaft Self


You were on level 1 of the Dungeon.
You visited 1 branch of the dungeon, and saw 1 of its levels.

You collected 37 gold pieces.

Inventory:

Hand Weapons
 e - a +0 whip (weapon)
Missiles
 d - 5 stones
Armour
 a - a +0 robe (worn)
Scrolls
 f - a scroll of teleportation {unknown}
Potions
 b - a potion of magic
 c - a potion of flight {unknown}
 g - a potion of heal wounds {unknown}


   Skills:
 * Level 0.9 Fighting
 * Level 0.9 Armour
 - Level 2.0 Dodging
 - Level 2.4 Stealth
 * Level 2.4 Spellcasting
 * Level 3.7 Conjurations


You had 2 spell levels left.
You knew the following spells:

 Your Spells              Type           Power      Damage    Failure   Level
a - Searing Ray           Conj           28%        2d5       6%          2
c - Magic Dart            Conj           56%        1d5       4%          1

Your spell library contained the following spells:

 Spells                   Type           Power      Damage    Failure   Level
 Dazzling Flash           Conj/Hex       16%        N/A       26%         3
 Fulminant Prism          Conj/Hex       4%         3d6       63%         4
 Iskenderun's Mystic Bla  Conj/Tloc      8%         2d4       63%         4
 Iskenderun's Battlesphe  Conj           14%        2d7       73%         5
 Iron Shot                Conj/Erth      4%         9d2       100%        6
 Spellforged Servitor     Conj/Summ      4%         N/A       100%        7


Dungeon Overview and Level Annotations

Branches:
Dungeon (1/15)

Altars:


Innate Abilities, Weirdness & Mutations

You cannot be hasted, slowed, berserked, paralysed or teleported.
You can dig through walls and to a lower floor.
You have a pair of large antennae on your head. (SInv)
Your four strong arms can wield two-handed weapons with a shield.


Message History

The hobgoblin closely misses you.
The frilled lizard bites you but does no damage.
You barely miss the frilled lizard. The frilled lizard barely misses you.
The hobgoblin barely misses you.
You closely miss the frilled lizard. The frilled lizard barely misses you.
The hobgoblin hits you.
You closely miss the frilled lizard. The frilled lizard closely misses you.
The hobgoblin hits you.
You barely miss the frilled lizard. The hobgoblin misses you.
The frilled lizard bites you but does no damage.
You miss the frilled lizard. The frilled lizard bites you.
The hobgoblin hits you.
Casting: Searing Ray (safe; 6% risk of failure)
Confirm with . or Enter, or press ? or * to list all spells.
Aiming: Magic Dart (safe; 4% risk of failure)
Press: ? - help, Shift-Dir - straight line, f - frilled lizard
Aim: a frilled lizard (100% to hit)
The magic dart hits the frilled lizard.
The frilled lizard is heavily wounded.
The kobold shouts!
The frilled lizard bites you. The hobgoblin hits you.
Casting: Magic Dart (safe; 4% risk of failure)
Confirm with . or Enter, or press ? or * to list all spells.
You don't have enough magic to cast this spell.
You barely miss the frilled lizard.
The frilled lizard is heavily wounded.
The frilled lizard barely misses you. The hobgoblin closely misses you.
The frilled lizard bites you. The hobgoblin attacks as you move away!
The hobgoblin misses you. The frilled lizard bites you.
The frilled lizard bites you.
You die...

######### #########
###........
##....@..####..........
#...gl##...........>...
#....#J###..............
#....##.#
#...........†.. .....#
#K# #..............
#...# #.#
#.............. ##.# '.#
#........#..#.. #+ #.#
#..........##.#
#....l........###.#


You could see an endoplasm, a hobgoblin, a kobold and a frilled lizard.

Vanquished Creatures
  A ball python (D:1)
  A giant cockroach (D:1)
  3 goblins (D:1)
  2 hobgoblins (D:1)
  2 jackals (D:1)
  A kobold (D:1)
  A quokka (D:1)
  4 rats (D:1)
15 creatures vanquished.

Notes
Turn   | Place    | Note
-------+----------+-------------------------------------------
     0 | D:1      | DildoBatman the Formicid Conjurer began the quest for the
                  | Orb.
     0 | D:1      | Reached XP level 1. HP: 13/13 MP: 3/3
   180 | D:1      | Reached XP level 2. HP: 20/20 MP: 3/5
   183 | D:1      | Learned a level 2 spell: Searing Ray
   277 | D:1      | Found a faded altar of an unknown god.
   417 | D:1      | HP: 1/20 [frilled lizard (1)]
   418 | D:1      | Slain by a frilled lizard

Illustrated notes

Levels and vault maps discovered:
D:1:      minmay_arrival_diagonal_passages, layout_rooms,
          basic_ecumenical_altar, grunt_decor_arrowhead,
          minmay_misc_feat_more_columns, minmay_large_rounded_square,
          minmay_misc_feat_tiny

Skill      XL: |  1  2 |
---------------+-------+-----
Dodging        | 2 |  2.0
Fighting       | |  0.9
Armour         | |  0.9
Stealth        | |  2.4
Spellcasting   | |  2.4
Conjurations   | |  3.7

Action                   || total
-------------------------++-------
Melee: Whip              ||    12
 Cast: Magic Dart        ||    25
       Searing Ray       ||     1
Armor: Robe              ||     4
Dodge: Dodged            ||    13
